 Dungeon Sprint DCSS version 0.29-a0-359-g541a27f54d (webtiles) character file.

Game seed: 2958202240822185037

2254 Zeldest the Carver (level 9, -6/61 HPs)
             Began as a Tengu Monk on Apr 27, 2022.
             Was a High Priest of Cheibriados.
             Mangled by a boulder beetle (22 damage)
             ... in the Dungeon (Sprint IX: "|||||||||||||||||||||||||||||") on Apr 28, 2022.
             The game lasted 00:02:36 (165 turns).

Zeldest the Carver (Tengu Monk)                      Turns: 165, Time: 00:02:38

Health: -6/61      AC:  8    Str: 23    XL:     9   Next: 37%
Magic:  7/15       EV: 31    Int: 21    God:    Cheibriados [*****.]
Gold:   0          SH:  0    Dex: 32    Spells: 8/8 levels left

rFire   . . .      SeeInvis .   l - +2 scimitar (vorpal)
rCold   . . .      Faith    .   (no shield)
rNeg    . . .      Spirit   .   m - +2 ring mail
rPois   .          Reflect  .   (helmet restricted)
rElec   .          Harm     .   (no cloak)
rCorr   .          Rampage  .   (no gloves)
Will    .....      NoTele   +   (boots unavailable)
Stlth   ++........              (no amulet)
HPRegen 0.20/turn               n - +2 ring of evasion
MPRegen 0.14/turn               o - +2 ring of evasion

@: flying quickly and evasively, very slow
A: beak, talons 3, nimble flight
a: Renounce Religion, Bend Time, Temporal Distortion, Slouch, Step From Time


You were in the Dungeon.
You worshipped Cheibriados.
Cheibriados was extremely pleased with you.
You visited 1 branch

Inventory:

Hand Weapons
 a - a +0 falchion
 l - a +2 vorpal scimitar (weapon)
Armour
 b - a +0 robe
 m - a +2 ring mail (worn)
Jewellery
 n - a +2 ring of evasion (left hand)
 o - a +2 ring of evasion (right hand)
Wands
 k - a wand of iceblast (6)
Scrolls
 i - 2 scrolls of blinking
 j - 2 scrolls of amnesia
Potions
 c - a potion of ambrosia
 d - 3 potions of curing
 f - a potion of haste
 g - 4 potions of magic


   Skills:
 + Level 9.5 Fighting
 * Level 14.2 Long Blades
 + Level 8.2 Armour
 + Level 10.3 Dodging
 - Level 2.0 Stealth
 + Level 7.0 Invocations


You had 8 spell levels left.
You didn't know any spells.
Your spell library was empty.

Dungeon Overview and Level Annotations

Branches:
Dungeon (1/1)

Altars:
Cheibriados
Dithmenos
Elyvilon
Fedhas
Gozag
Hepliaklqana
Kikubaaqudgha
Makhleb
Nemelex Xobeh
Okawaru
Qazlal
Ru
Sif Muna
Trog
Uskayaw
Vehumet
Wu Jian
Xom
Yredelemnul
Zin
The Shining One
Beogh
Jiyva
Lugonu


Innate Abilities, Weirdness & Mutations

You have a beak for a mouth.
You have claws for feet.
Your magical nature lets you fly swiftly and evasively.


Message History

You slash the purple ugly thing! Your kick misses the purple ugly thing.
The purple ugly thing is moderately wounded.
You slice the purple ugly thing!!
The purple ugly thing is severely wounded.
The purple ugly thing misses you.
You slash the purple ugly thing! Your kick misses the purple ugly thing.
The purple ugly thing is almost dead.
The purple ugly thing completely misses you.
You hit the purple ugly thing. You claw the purple ugly thing.
You kill the purple ugly thing!
Cheibriados thoroughly appreciates the change of pace.
Cheibriados raises the support of your attributes as your movement slows.
The boulder beetle leaps!
Your Fighting skill increases to level 9!
Your Dodging skill increases to level 10!
You have reached level 9!
Your experience leads to an increase in your attributes!
Your base attributes are Str 12, Int 10, Dex 19.
Increase (S)trength, (I)ntelligence, or (D)exterity?
You feel agile. x2
Activating: Slouch (11% risk of failure)
Press: ? - help, Dir - look around, f - activate You can feel time thicken for a moment.
Cheibriados lowers the support of your attributes as your movement quickens.
You hit the cyclops. Your kick misses the cyclops.
The cyclops is lightly wounded.
The cyclops completely misses you.
You slash the cyclops! You claw the cyclops.
The cyclops is heavily wounded.
You slice the cyclops!!
You kill the cyclops!
Cheibriados appreciates the change of pace.
Your Long Blades skill increases to level 14!
Your Armour skill increases to level 8!
Your Invocations skill increases to level 7!
You hit the boulder beetle but do no damage.
You peck the boulder beetle, but do no damage.
The boulder beetle is moderately wounded.
The boulder beetle bites you!!
You die...

▓.▓
▓.▓
▓)▓
▓†▓
▓)▓
▓.▓
▓.▓
▓B▓
▓@▓
▓(▓
▓)▓
▓.▓
▓.▓
▓.▓
▓.▓
▓.▓


You could see a boulder beetle.

Vanquished Creatures
  An ugly thing (D)
  2 cyclopes (D)
  A tengu conjurer (D)
  A troll (D)
  A vampire (D)
  A yak (D)
  A vampire mosquito (D)
  A kobold brigand (D)
  2 hounds (D)
  A jelly (D)
  2 orc wizards (D)
  An adder (D)
  An orc (D)
  A bat (D)
  A goblin (D)
  2 hobgoblins (D)
  A quokka (D)
21 creatures vanquished.

Notes
Turn   | Place    | Note
-------+----------+-------------------------------------------
     0 | D        | Zeldest the Tengu Monk began the quest for the Orb.
     0 | D        | Reached XP level 1. HP: 14/14 MP: 2/2
     7 | D        | Reached skill level 4 in Long Blades
    13 | D        | Reached XP level 2. HP: 19/19 MP: 3/3
    23 | D        | Reached skill level 6 in Long Blades
    23 | D        | Reached XP level 3. HP: 24/24 MP: 4/4
    24 | D        | Reached skill level 5 in Dodging
    24 | D        | Reached XP level 4. HP: 30/30 MP: 5/5
    26 | D        | Reached skill level 7 in Long Blades
    29 | D        | Reached skill level 5 in Fighting
    40 | D        | Found a snail-covered altar of Cheibriados.
    40 | D        | Found a shadowy altar of Dithmenos.
    40 | D        | Found a white marble altar of Elyvilon.
    40 | D        | Found a blossoming altar of Fedhas.
    40 | D        | Found an opulent altar of Gozag.
    41 | D        | Found a hazy altar of Hepliaklqana.
    42 | D        | Found a viscous altar of Jiyva.
    43 | D        | Found an ancient bone altar of Kikubaaqudgha.
    44 | D        | Became a worshipper of Cheibriados the Contemplative
    44 | D        | Reached * piety under Cheibriados
    44 | D        | Reached ** piety under Cheibriados
    45 | D        | Found a corrupted altar of Lugonu.
    46 | D        | Found a burning altar of Makhleb.
    47 | D        | Found a sparkling altar of Nemelex Xobeh.
    48 | D        | Found an iron altar of Okawaru.
    49 | D        | Found a stormy altar of Qazlal.
    50 | D        | Found a sacrificial altar of Ru.
    51 | D        | Found a shimmering blue altar of Sif Muna.
    52 | D        | Found a bloodstained altar of Trog.
    53 | D        | Found a hide-covered altar of Uskayaw.
    54 | D        | Found a radiant altar of Vehumet.
    55 | D        | Found an ornate altar of the Wu Jian Council.
    56 | D        | Found a shimmering altar of Xom.
    57 | D        | Found a basalt altar of Yredelemnul.
    58 | D        | Found a glowing silver altar of Zin.
    59 | D        | Found a glowing golden altar of the Shining One.
    96 | D        | Noticed a vampire
    96 | D        | Noticed a yak
    96 | D        | Noticed a troll
    96 | D        | Noticed a vampire mosquito
    96 | D        | Noticed a kobold brigand
   102 | D        | Killed a vampire
   103 | D        | Reached skill level 9 in Long Blades
   103 | D        | Gained mutation: Your magical nature lets you fly swiftly
                  | and evasively. [Tengu growth]
   103 | D        | Reached XP level 5. HP: 15/37 MP: 5/8
   103 | D        | Reached XP level 6. HP: 17/42 MP: 5/9
   109 | D        | Killed a yak
   110 | D        | Reached skill level 10 in Long Blades
   117 | D        | Killed a troll
   117 | D        | Reached *** piety under Cheibriados
   118 | D        | Reached skill level 11 in Long Blades
   118 | D        | Reached skill level 5 in Armour
   118 | D        | Reached XP level 7. HP: 31/48 MP: 6/11
   123 | D        | Killed a vampire mosquito
   128 | D        | Reached **** piety under Cheibriados
   129 | D        | Reached skill level 12 in Long Blades
   129 | D        | Reached skill level 5 in Invocations
   137 | D        | Noticed a tengu conjurer
   137 | D        | Noticed a cyclops
   137 | D        | Noticed a purple ugly thing
   137 | D        | Noticed a cyclops
   137 | D        | Noticed a boulder beetle
   140 | D        | Reached XP level 8. HP: 45/54 MP: 10/12
   146 | D        | Killed a tengu conjurer
   146 | D        | HP: 2/54 [cyclops/large rock (38)]
   153 | D        | Killed a cyclops
   153 | D        | Reached ***** piety under Cheibriados
   154 | D        | Reached skill level 13 in Long Blades
   160 | D        | Killed a purple ugly thing
   161 | D        | Reached skill level 10 in Dodging
   161 | D        | Reached XP level 9. HP: 15/60 MP: 12/15
   164 | D        | Killed a cyclops
   165 | D        | Reached skill level 14 in Long Blades
   165 | D        | Mangled by a boulder beetle

Illustrated notes

Levels and vault maps discovered:
D:        linesprint [early_d, line_temple, items_1, d_10, items_2, lair_1,
          lair_end, items_3, orc_1, orc_end, items_4, d_15, swamp_1, shoals_1,
          snake_1, spider_1, d_20, vaults_1, items_5, swamp_end, shoals_end,
          snake_end, spider_end, vaults_end, d_27, items_6, zot_1, zot_end,
          crypt_end, forest_end, elf_end, slime_end, tomb_end, abyss_end,
          pan_hell_end]

Skill      XL: |  1  2  3  4  5  6  7  8  9 |
---------------+----------------------------+-----
Long Blades    | 4 6 9 11 12 13 14 | 14.2
Fighting       | 4 6 7 8 9 |  9.5
Dodging        | 4 5 7 8 10 | 10.3
Armour         | 3 5 6 7 8 |  8.2
Invocations    | 2 4 5 6 7 |  7.0
Stealth        | |  2.0

Action                   |  1- 3 |  4- 6 |  7- 9 || total
-------------------------+-------+-------+-------++-------
Melee: Falchion          |    11 |    11 |       ||    22
       Kick              |     6 |     4 |    12 ||    22
       Peck              |     2 |     7 |     5 ||    14
       Scimitar          |       |    19 |    28 ||    47
       Punch             |       |     1 |     1 ||     2
Invok: Slouch            |       |       |     1 ||     1
Evoke: Wand              |       |     1 |     3 ||     4
  Use: Potion            |     1 |     2 |     4 ||     7
 Stab: Invisible         |       |     5 |     1 ||     6
Armor: Robe              |     2 |       |       ||     2
       Ring mail         |       |     1 |     4 ||     5
Dodge: Dodged            |     6 |    29 |    24 ||    59

Table legend: (Time is in decaauts)
 A = Elapsed time spent in this place.
 B = Non-inter-level travel time spent in this place.
 C = Inter-level travel time spent in this place.
 D = Time resting spent in this place.
 E = Time spent auto-exploring this place.
 F = Levels seen in this place.
 G = Mean time per level.
                   A        B        C        D        E       F      G
               +--------+--------+--------+--------+--------+-----+--------+
         Total |    191 |    191 |      0 |      0 |      0 |   1 |  191.0 |
       Dungeon |    191 |    191 |      0 |      0 |      0 |   1 |  191.0 |
               +--------+--------+--------+--------+--------+-----+--------+

Top non-repeatable levels by time:
       D: 191 daAuts
